AoeStats
← dark_29

African Clearing

510852416Analyzed
4v4 RM · 10h ago on Oct 2, 2026· 37m 38s· 8 players
Game mode
Random Map
Map size
Large (8 player)
Population
200
Speed
Normal
Resources
Standard
Victory
Conquest
Starting age
Dark Age
Ending age
Imperial Age
RankedLock teamsTeams togetherTeam positionsShared explorationLock speedFull tech treeHidden civsTurbo modeCheats
Victory
Defeat
🇫🇷 Berbers · France
1443
+5
🇨🇭 Spanish · Switzerland
1201
+12
🇫🇷 Cumans · France
1080
+16
🇫🇷 Persians · France
963
+21
🇬🇧 Cumans · United Kingdom
1139
-14
🇷🇴 Mongols · Romania
1132
-14
🇨🇦 Teutons · Canada
1120
-14
1088
-12
jorvikshungite
3:29 Loom
13:18 Feudal Age
15:38 Double-Bit Axe
19:04 Forging
19:27 Scale Barding Armor
20:57 Bloodlines
23:33 Wheelbarrow
24:03 Horse Collar
25:33 Gold Mining
30:53 Castle Age
30:21 Fletching
31:24 Light Cavalry
-.-D-.-i-.-E-.-k-.-Q-.-u-.-ÄsM-
6:35 Loom
12:36 Feudal Age
13:21 Double-Bit Axe
16:16 Scale Mail Armor
16:27 Forging
16:26 Man-at-Arms
18:15 Wheelbarrow
19:28 Horse Collar
23:46 Castle Age
23:21 Gold Mining
24:56 Squires
24:17 Long Swordsman
24:18 Pikeman
25:16 Chain Mail Armor
27:30 Bow Saw
28:53 Iron Casting
32:17 Gold Shaft Mining
𝖋𝖔𝖈𝖆
5:04 Loom
14:11 Feudal Age
20:18 Castle Age
24:17 Wheelbarrow
28:05 Fletching
31:44 Horse Collar
37:01 Imperial Age
Sean
3:57 Loom
13:33 Feudal Age
17:22 Castle Age
15:37 Double-Bit Axe
15:52 Horse Collar
19:50 Bow Saw
20:25 Wheelbarrow
21:07 Town Watch
27:18 Hand Cart
28:07 Stone Mining
29:32 Heavy Plow
29:59 Gold Mining
35:07 Imperial Age
33:18 Scale Barding Armor
34:10 Bloodlines
34:23 Chain Barding Armor
35:39 Ballistics
arracheur2slip2reska
13:00 Feudal Age
16:21 Castle Age
14:21 Double-Bit Axe
16:08 Horse Collar
17:55 Bow Saw
21:14 Loom
24:22 Heavy Plow
24:42 Gold Mining
25:48 Wheelbarrow
25:26 Town Watch
25:58 Stone Mining
28:25 Hand Cart
28:57 Stone Shaft Mining
29:29 Gold Shaft Mining
29:19 Fletching
32:34 Imperial Age
30:24 Bodkin Arrow
31:06 Town Patrol
32:03 Ballistics
31:46 Padded Archer Armor
33:18 Bracer
34:19 Chemistry
32:52 Capped Ram
33:54 Conscription
34:09 Elite Camel Archer
36:14 Husbandry
36:24 Bloodlines
37:05 Crop Rotation
37:17 Siege Engineers
38:12 Leather Archer Armor
38:05 Maghrebi Camels
Bokaa
7:38 Loom
13:20 Feudal Age
16:57 Castle Age
19:54 Double-Bit Axe
34:30 Gold Mining
34:32 Stone Mining
vikingfou
14:22 Feudal Age
12:38 Loom
18:47 Castle Age
17:08 Scale Barding Armor
18:20 Forging
19:28 Bloodlines
20:35 Loom
34:03 Chain Barding Armor
dark_29
4:19 Loom
14:32 Feudal Age
15:00 Double-Bit Axe
15:08 Horse Collar
21:36 Castle Age
22:28 Heavy Plow
22:45 Bow Saw
22:39 Gold Mining
23:38 Bloodlines
24:16 Husbandry
27:19 Wheelbarrow
31:48 Imperial Age
29:07 Town Watch
30:03 Ballistics
29:43 Murder Holes
30:57 Forging
30:54 Scale Barding Armor
33:36 Chemistry
32:30 Fletching
32:03 Crossbowman
32:48 Cavalier
34:52 Thumb Ring
34:58 Kamandaran
35:15 Padded Archer Armor
36:46 Leather Archer Armor
36:26 Bodkin Arrow
Connection lost

Rejoining the realm…

Still unreachable

The connection could not be restored.

Session expired

The server has moved on; the page needs a fresh start.